 Dungeon Crawl Stone Soup version 0.28.0-45-g0d030f2227 (webtiles) character file.

Game seed: 1669867000012910759

24010 101zpm the Eclecticist (level 13, -6/81 HPs)
             Began as a Djinni Ice Elementalist on Apr 16, 2022.
             Was an Elder of Jiyva.
             Mangled by Jorgrun
             ... wielding a staff of earth
              (12 damage)
             ... while petrified by Jorgrun
             ... on level 2 of the Orcish Mines.
             The game lasted 01:34:05 (16217 turns).

101zpm the Eclecticist (Djinni Ice Elementalist)   Turns: 16217, Time: 01:34:06

Health: -6/81      AC:  6    Str:  7    XL:     13   Next: 39%
Gold:   674        EV: -1    Int: 25    God:    Jiyva [****..] SH:  0 Dex: 15

rFire   + + .      SeeInvis .   w - +2 flail (protect)
rCold   . . .      Faith    .   (no shield)
rNeg    + + +      Spirit   .   O - +0 troll leather armour
rPois   ∞          Reflect  .   (helmet unavailable)
rElec   .          Harm     .   (no cloak)
rCorr   +          Rampage  .   t - +0 pair of gloves
Will    +....                   (boots unavailable)
Stlth   ++........              y - amulet of regeneration
HPRegen 3.11/turn               u - ring of protection from cold
MPRegen 0.00/turn               (no ring)

@: petrified, grasped by roots, flying, constricted
A: sickness immunity, fire resistance 2, cold vulnerability 1, float, innate
caster, HP casting, extra vitality 1, horns 3, clever 2, sense surroundings 1,
eyeballs 2
a: Renounce Religion, Oozemancy, Slimify


You were on level 2 of the Orcish Mines.
You worshipped Jiyva.
Jiyva was greatly pleased with you.
You visited 3 branches of the dungeon, and saw 15 of its levels.

You collected 718 gold pieces.
You spent 44 gold pieces at shops.

Inventory:

Hand Weapons
 n - a +1 war axe of distortion
 w - a +2 flail of protection (weapon)
 G - a +2 flail of holy wrath
 J - the +10 long sword of Death's Door {antimagic, rN++}
   (You found it on level 8 of the Dungeon)

   It reduces the magical energy of the wielder, and disrupts the spells and
   magical abilities of those it strikes.
   Natural abilities and divine invocations are not affected.
   rN:        It greatly protects you from negative energy.
 M - the +3 mace "Jiusurev" {vamp, rPois rC- rCorr Str+9}
   (You found it on level 9 of the Dungeon)

   It occasionally heals its wielder for a portion of the damage dealt when it
   wounds a living foe.
   Str:       It affects your strength (+9).
   rC:        It makes you vulnerable to cold.
   rPois:     It protects you from poison.
   rCorr:     It protects you from acid and corrosion.
Missiles
 r - 3 javelins
 s - 92 stones
 C - 57 arrows
 D - 36 poisoned darts
 H - 2 throwing nets
 Q - 3 silver boomerangs
Armour
 a - a +0 robe
 t - a +0 pair of gloves (worn)
 E - a +0 leather armour
 F - a +0 helmet
 N - the +1 scale mail of Integrity {Rampage rCorr Str+2 SInv}
   (You found it on level 11 of the Dungeon)

   Str:       It affects your strength (+2).
   SInv:      It lets you see invisible.
   rCorr:     It protects you from acid and corrosion.
   Rampage:   It bestows one free step when moving towards enemies.
 O - a +0 troll leather armour (worn)
Jewellery
 u - a ring of protection from cold (left hand)
 y - an amulet of regeneration (around neck)
 L - a ring of fire
Wands
 o - a wand of acid (11)
 A - a wand of digging (9)
Scrolls
 c - a scroll of identify
 e - a scroll of enchant weapon
 f - 5 scrolls of teleportation
 i - a scroll of fear
 l - a scroll of fog
 p - 2 scrolls of amnesia
 q - a scroll of summoning {unknown}
 v - 4 scrolls of noise
 x - a scroll of acquirement {unknown}
 z - 2 scrolls of immolation
 K - a scroll of torment {unknown}
 P - 3 scrolls of brand weapon {unknown}
Potions
 b - a potion of mutation {unknown}
 d - 2 potions of lignification
 g - a potion of ambrosia {unknown}
 h - a potion of berserk rage {unknown}
 j - 4 potions of curing
 k - 3 potions of might
 m - a potion of flight {unknown}
 B - a potion of attraction {unknown}
 I - a potion of resistance {unknown}


   Skills:
 + Level 3.3 Fighting
 + Level 1.1 Maces & Flails
 + Level 5.0 Armour
 + Level 4.9 Dodging
 + Level 3.9 Stealth
 + Level 15.6 Spellcasting


You had 12 spell levels left.
You knew the following spells:

 Your Spells              Type           Power      Damage    Failure   Level
a - Freeze                Ice            100%       1d11      0%          1
b - Frozen Ramparts       Ice            100%       1d12      1%          3
c - Ozocubu's Armour      Ice            78%        N/A       1%          3
d - Hailstorm             Conj/Ice       78%        3d16      1%          4
e - Sandblast             Erth           100%       2d20      0%          1
f - Passwall              Tmut/Erth      65%        N/A       0%          2
g - Tukima's Dance        Hex            78%        N/A       1%          3
h - Summon Ice Beast      Ice/Summ       78%        N/A       1%          4
i - Silence               Hex/Air        39%        N/A       1%          5
j - Freezing Cloud        Conj/Ice/Air   39%        6-21      1%          5
Your spell library was empty.

Dungeon Overview and Level Annotations

Branches:
Dungeon (12/15)            Temple (1/1) D:5             Orc (2/2) D:11
    Elf (0/3) Orc:2
   Lair: D:8-11

Altars:
Ashenzari
Cheibriados
Dithmenos
Elyvilon
Fedhas
Gozag
Hepliaklqana
Makhleb
Okawaru
Qazlal
Ru
Uskayaw
Vehumet
Wu Jian
Xom
Yredelemnul
Zin
The Shining One
Beogh
Jiyva

Shops:
D:5 *   D:7 *   D:9 !   Orc:1 (   Orc:2 **[(=

Annotations:
D:10 Urug
D:11 1 runed translucent door, snonkus's ghost, journeyman GrFi
Orc:2 Jorgrun


Innate Abilities, Weirdness & Mutations

You are immune to sickness and miasma.
You are immune to poison.
Your flesh is very heat resistant. (rF++)
You are vulnerable to cold. (rC-)
You float through the air rather than walking.
You learn spells naturally, not from books.
Your magical power is your life essence.
You have superior vitality. (+4 MHP)
You have a pair of large horns on your head.
Your mind is very acute. (Int +4)
You passively map a small area around you.
Your body has grown many eyes which may confuse attackers. (Acc +5)


Message History

Your ice beast is moving more slowly.
Your ice beast hits Jorgrun.
Your ice beast freezes Jorgrun!
Jorgrun hits your ice beast with a staff of earth.
Jorgrun shatters your ice beast!
The jelly closely misses Jorgrun.
Jorgrun gestures at you while chanting.
You are slowing down.
Your ice beast hits Jorgrun.
Your ice beast freezes Jorgrun!
The jelly hits something but does no damage.
Your limbs are stiffening.
Casting: Summon Ice Beast (safe; 1% risk of failure)
Confirm with . or Enter, or press ? or * to list all spells.
Aiming: Tukima's Dance (safe; 1% risk of failure)
Press: ? - help, Shift-Dir - straight line, f - Jorgrun
Aim: Jorgrun, wielding a staff of earth and wearing a +0 robe of positive energy (moderately wounded, ally target, chance to affect: 8%) Jorgrun resists with almost no effort.
Your ice beast stops moving altogether!
You have turned to stone.
Jorgrun casts a spell at you.
You shatter!!!
Jorgrun gestures at your ice beast while chanting.
Your ice beast shatters!!
Jorgrun gestures at you while chanting.
Roots burst forth from the earth!
The grasping roots grab you! The grasping roots constrict you!!
Jorgrun hits you with a staff of earth!
* * * LOW HITPOINT WARNING * * *
Jorgrun shatters you!
* * * LOW HITPOINT WARNING * * *
The grasping roots constrict you!
* * * LOW HITPOINT WARNING * * *
Jorgrun hits you with a staff of earth.
* * * LOW HITPOINT WARNING * * *
Jorgrun shatters you!
* * * LOW HITPOINT WARNING * * *
The grasping roots constrict you!
* * * LOW HITPOINT WARNING * * *
Jorgrun hits you but does no damage. Jorgrun shatters you!!
You die...

##..............#.......##
#........................##
###.#.......###.#.........#
#..........#...#[.......##
##.#...<.J.#._.#)...#..##
####....Y.#...#.......#
##.....#####...##.##
##....g.....######
#.....@.....# ###........##
####..........##
##.####.........#
#...##..........##
##.##.....#......###
#........#........##
###.......####.......####
#........## #.......#..##


You could see Jorgrun (ally target), a neutral jelly (wandering)(fellow slime)
and a friendly ice beast (summoned, petrified).

Vanquished Creatures
  An orc warlord (Orc:2)
  A hydra (D:11)
  An ogre mage (D:11)
  A centaur warrior (D:12)
  2 two-headed ogres
  Sonja (D:12)
  Pikel (D:5)
  A deep elf pyromancer (D:12)
  2 cyclopes (D:12)
  3 orc sorcerers
  Maurice (D:11)
  2 dancing weapons
  Joseph (D:9)
  2 centaur zombies (D:11)
  A gargoyle (D:12)
  4 unseen horrors
  A kobold demonologist (D:12)
  A komodo dragon (D:8)
  3 trolls
  A shadow (D:11)
  2 vampires (D:12)
  A wraith (D:12)
  11 yaks
  3 vampire mosquitoes (D:12)
  2 water moccasins
  2 wargs (Orc:2)
  Edmund (D:6)
  2 acid dragons (D:9)
  An acid dragon (shapeshifter) (D:12)
  12 orc warriors (Orc:2)
  A sky beast (D:8)
  2 black bears
  6 ogres
  A centaur (D:7)
  2 phantoms (D:12)
  4 lemures (D:5)
  3 kobold brigands
  A bullfrog (D:7)
  A scorpion (D:4)
  6 wights (D:8)
  5 howler monkeys
  An electric eel (D:7)
  4 jellies
  A gnoll shaman (D:7)
  A hound (D:6)
  A centaur skeleton (D:5)
  9 orc priests
  An iguana (D:7)
  13 orc wizards
  8 gnolls
  2 howler monkey skeletons
  11 adders
  2 ufetubi (D:4)
  A worm (D:5)
  46 orcs
  7 ball pythons
  12 bats
  2 endoplasms
  3 giant cockroaches (D:2)
  5 hobgoblins
  2 jackals (D:2)
  4 quokkas
  2 frilled lizards (D:1)
  2 goblins (D:1)
  11 kobolds
  A quokka skeleton (D:4)
  3 rats (D:1)
255 creatures vanquished.

Vanquished Creatures (collateral kills)
  4 two-headed ogres
  A deep elf pyromancer (D:12)
  2 orc knights (Orc:2)
  A cyclops (D:11)
  A troll (Orc:2)
  2 yaks (D:9)
  8 orc warriors
  2 centaurs
  A kobold brigand (D:12)
  2 gnoll sergeants
  7 wights
  2 howler monkeys (D:12)
  5 orc priests (Orc:2)
  6 orc wizards
  A howler monkey zombie (D:7)
  6 gnolls
  24 orcs
  A goblin (D:9)
  3 kobolds
79 creatures vanquished.

Vanquished Creatures (others)
  An orc sorcerer (Orc:2)
  A rime drake (shapeshifter) (D:12)
  A slime creature (D:12)
  11 dancing weapons
  A yak (D:9)
  A vampire mosquito (D:12)
  An orc warrior (Orc:2)
  2 centaurs
  A kobold brigand (D:8)
  A wyvern zombie (D:7)
  57 jellies
  3 killer bees (D:9)
  2 wights
  2 howler monkeys
  A centaur zombie (D:7)
  An orc priest (Orc:2)
  7 orc wizards
  2 gnolls
  A white imp (D:7)
  9 orcs
  2 goblins (D:9)
  5 kobolds (D:8)
  2 withered plants (D:11)
115 creatures vanquished.

Grand Total: 449 creatures vanquished

Notes
Turn   | Place    | Note
-------+----------+-------------------------------------------
     0 | D:1      | 101zpm the Djinni Ice Elementalist began the quest for the
                  | Orb.
     0 | D:1      | Reached XP level 1. HP: 15/15 MP: 0/0
   301 | D:2      | Reached XP level 2. HP: 12/21 MP: 0/0
   597 | D:2      | Reached XP level 3. HP: 17/25 MP: 0/0
   597 | D:2      | Learned a level 1 spell: Sandblast
  1489 | D:1      | Found a faded altar of an unknown god.
  1894 | D:1      | Reached skill level 4 in Spellcasting
  2054 | D:3      | Reached XP level 4. HP: 23/31 MP: 0/0
  3175 | D:4      | Reached XP level 5. HP: 33/35 MP: 0/0
  3175 | D:4      | Learned a level 2 spell: Passwall
  4258 | D:4      | Noticed a black bear
  4263 | D:4      | Killed a black bear
  4264 | D:4      | Reached skill level 5 in Spellcasting
  4264 | D:4      | Reached XP level 6. HP: 24/41 MP: 0/0
  5011 | D:5      | Entered Level 5 of the Dungeon
  5011 | D:5      | Found a hazy altar of Hepliaklqana.
  5012 | D:5      | Found a shadowy altar of Dithmenos.
  5013 | D:5      | Noticed a shadow
  5384 | D:6      | Reached XP level 7. HP: 24/46 MP: 0/0
  5384 | D:6      | Learned a level 3 spell: Tukima's Dance
  5590 | D:6      | Reached skill level 1 in Fighting
  5590 | D:6      | Reached skill level 6 in Spellcasting
  6145 | D:6      | Found a broken altar of Ashenzari.
  6145 | D:6      | Found an opulent altar of Gozag.
  6161 | D:6      | Noticed Edmund
  6762 | D:5      | Noticed a +0 dagger
  6762 | D:5      | Noticed a +0 falchion
  6762 | D:5      | Noticed a +0 spear
  6762 | D:5      | Noticed a +0 spear
  6762 | D:5      | Noticed a +0 falchion
  6762 | D:5      | Noticed a +0 dagger
  6764 | D:5      | Noticed a +0 short sword
  6764 | D:5      | Noticed a +0 short sword
  6798 | D:5      | Noticed Pikel
  6799 | D:5      | Noticed a water moccasin
  6805 | D:5      | Killed a water moccasin
  6806 | D:5      | Reached XP level 8. HP: 41/52 MP: 0/0
  6840 | D:5      | Killed Pikel
  6841 | D:5      | Reached skill level 7 in Spellcasting
  6871 | D:5      | Found a staircase to the Ecumenical Temple.
  6882 | Temple   | Entered the Ecumenical Temple
  6972 | Temple   | Became a worshipper of Jiyva Jeats the Shapeless
  7413 | D:5      | Found a glowing silver altar of Zin.
  7413 | D:5      | Noticed an angel
  7451 | D:5      | Found Sawnem's Fire Supplies.
  7597 | D:5      | Found a hide-covered altar of Uskayaw.
  7738 | D:6      | Found a stormy altar of Qazlal.
  7792 | D:6      | Found a white marble altar of Elyvilon.
  7851 | D:6      | Killed Edmund
  7852 | D:6      | Reached skill level 8 in Spellcasting
  7852 | D:6      | Reached XP level 9. HP: 51/58 MP: 0/0
  7852 | D:6      | Learned a level 4 spell: Summon Ice Beast
  7974 | D:7      | Found Kiodyus's General Store.
  8045 | D:7      | Reached * piety under Jiyva
  8490 | D:7      | Bought 2 scrolls of identify for 44 gold pieces
  8710 | D:8      | Found a basalt altar of Yredelemnul.
  8725 | D:8      | Identified the +10 long sword of Death's Door {antimagic,
                  | rN++}
  8773 | D:8      | Reached skill level 1 in Armour
  9083 | D:8      | Reached skill level 9 in Spellcasting
 10115 | D:9      | Noticed a komodo dragon
 10175 | D:7      | Reached ** piety under Jiyva
 10923 | D:8      | Killed a komodo dragon
 10924 | D:8      | Reached XP level 10. HP: 17/64 MP: 0/0
 11022 | D:9      | Reached *** piety under Jiyva
 11042 | D:9      | Reached skill level 10 in Spellcasting
 11084 | D:9      | Gained mutation: You have a pair of small horns on your
                  | head. [Jiyva's grace]
 11084 | D:9      | Gained mutation: You have a pair of horns on your head.
                  | [Jiyva's grace]
 11084 | D:9      | Gained mutation: You have a pair of large horns on your
                  | head. [Jiyva's grace]
 11084 | D:9      | Gained mutation: You passively map a small area around you.
                  | [Jiyva's grace]
 11110 | D:9      | Found Mesucaxa's Distillery.
 11123 | D:9      | Noticed a two-headed ogre
 11130 | D:9      | Killed a two-headed ogre
 11152 | D:9      | Noticed Joseph
 11161 | D:9      | Killed Joseph
 11407 | D:9      | Noticed a two-headed ogre
 11414 | D:9      | Killed a two-headed ogre
 11415 | D:9      | Reached skill level 11 in Spellcasting
 11604 | D:9      | Identified the +3 mace "Jiusurev" {vamp, rPois rC- rCorr
                  | Str+9}
 11679 | D:9      | Reached XP level 11. HP: 64/68 MP: 0/0
 11679 | D:9      | Learned a level 5 spell: Silence
 11964 | D:10     | Entered Level 10 of the Dungeon
 11968 | D:10     | Noticed Urug
 11993 | D:11     | Identified the +1 scale mail of Integrity {Rampage rCorr
                  | Str+2 SInv}
 12049 | D:11     | Noticed Maurice
 12051 | D:11     | Noticed a four-headed hydra
 12056 | D:11     | Reached skill level 12 in Spellcasting
 12059 | D:11     | Killed a four-headed hydra
 12067 | D:11     | Killed Maurice
 12071 | D:11     | Killed a +0 dagger
 12115 | D:11     | Found a staircase to the Orcish Mines.
 12152 | D:11     | Found a runed translucent door.
 12152 | D:11     | Noticed snonkus's ghost (journeyman GrFi)
 12214 | D:11     | You are sucked into a shaft and drop 1 floor!
 12214 | D:12     | Noticed a two-headed ogre
 12227 | D:12     | Killed a two-headed ogre
 12385 | D:12     | Noticed a cyclops
 12403 | D:12     | Killed a cyclops
 12404 | D:12     | Reached skill level 13 in Spellcasting
 12438 | D:12     | Noticed a deep elf pyromancer
 12448 | D:12     | Killed a deep elf pyromancer
 12449 | D:12     | Reached XP level 12. HP: 76/76 MP: 0/0
 13087 | D:12     | Noticed a two-headed ogre
 13095 | D:12     | Killed a two-headed ogre
 13104 | D:12     | Noticed Sonja
 13116 | D:12     | Killed Sonja
 13184 | D:12     | Noticed a centaur warrior
 13188 | D:12     | Reached skill level 14 in Spellcasting
 13189 | D:12     | Killed a centaur warrior
 13275 | D:11     | Noticed a two-headed ogre
 13275 | D:11     | Noticed a two-headed ogre
 13275 | D:11     | Noticed a two-headed ogre
 13278 | D:11     | Noticed a two-headed ogre
 13284 | D:11     | Killed a two-headed ogre
 13284 | D:11     | HP: 1/76 [two-headed ogre/+0 giant club (14)]
 13474 | D:11     | Noticed an ogre mage
 13488 | D:11     | Killed an ogre mage
 13651 | D:11     | Killed a two-headed ogre
 14073 | D:11     | Reached skill level 1 in Maces & Flails
 14344 | Orc:1    | Entered Level 1 of the Orcish Mines
 14649 | Orc:1    | Gained mutation: Your mind is acute. (Int +2) [Jiyva's
                  | grace]
 14649 | Orc:1    | Gained mutation: Your mind is very acute. (Int +4) [Jiyva's
                  | grace]
 14649 | Orc:1    | Gained mutation: Your body has grown eyes which may confuse
                  | attackers. (Acc +3) [Jiyva's grace]
 14649 | Orc:1    | Gained mutation: Your body has grown many eyes which may
                  | confuse attackers. (Acc +5) [Jiyva's grace]
 14731 | Orc:2    | Entered Level 2 of the Orcish Mines
 14761 | Orc:2    | Reached XP level 13. HP: 81/81 MP: 0/0
 14761 | Orc:2    | Learned a level 5 spell: Freezing Cloud
 14814 | Orc:2    | Found Metuf's Jewellery Shop.
 14917 | Orc:2    | Reached **** piety under Jiyva
 14935 | Orc:2    | Found a staircase to the Elven Halls.
 15215 | Orc:2    | Reached skill level 15 in Spellcasting
 15248 | Orc:2    | Paralysed by an orc sorcerer for 5 turns
 15403 | Orc:2    | Found Tanox's Assorted Antiques.
 15711 | Orc:2    | Noticed an orc warlord
 15725 | Orc:2    | Killed an orc warlord
 15726 | Orc:2    | Reached skill level 5 in Armour
 15752 | Orc:2    | Found Akefauku's Antique Armour Emporium.
 15754 | Orc:2    | Found Detaot's Antique Weapon Shoppe.
 15841 | Orc:2    | Found Tuepsotz's General Store.
 16107 | Orc:1    | Found Isecaf's Antique Weapon Shoppe.
 16188 | Orc:1    | Noticed Jorgrun
 16216 | Orc:2    | HP: 3/81 [constriction (5)]
 16217 | Orc:2    | Mangled by Jorgrun

Illustrated notes

Levels and vault maps discovered:
D:1:      amcnicky_arrival_double_pillar, layout_basic, basic_ecumenical_altar
D:2:      layout_basic
D:3:      layout_basic
D:4:      layout_loops_cross, abandoned_shop, chequers_mini_garden
D:5:      layout_basic, riverfiend_overflow_shadow_ancestor,
          nicolae_uskayaw_en_pointe, zin_angel, minmay_temple_entry_tees,
          nicolae_shop_fire_sale [nicolae_sub_dead_trees], uniq_pikel
D:6:      layout_gridville, mainiacjoe_overflow_alcove_2,
          chequers_temple_overflow_statue_of_worship, amcnicky_altar_gilded,
          lightli_ossuary_entry_decrepit_ruins, uniq_edmund
D:7:      layout_basic, minmay_misc_feat_plants, nicolae_stop_n_shop_1,
          palyth_stone_intersect, minivault_4, kennysheep_generic_room_16
D:8:      layout_rooms, mainiacjoe_overflow_small_starburst,
          kennysheep_small_spiral, due_unseen_surprise
D:9:      layout_roguey, enter_bailey_7, serial_shops, kennysheep_mini,
          minmay_quadrilaterals, uniq_joseph
D:10:     layout_grid_maze, kennysheep_little_box, mainiacjoe_overflow_brackets,
          nemelex_spade_bored_becter, led_sif_pool, lair_entry_dummy,
          uniq_fannar, uniq_maggie, uniq_snorg, uniq_urug
D:11:     layout_basic, orc_0_dummy, gammafunk_ghost_grave, uniq_maurice
D:12:     minmay_octagon_keep, layout_cave_pools, minmay_misc_feat_more_columns,
          hangedman_batty, uniq_sonja
Temple:   pf_slimified_temple
Orc:1:    layout_diamond_mine, serial_shops, nicolae_shop_statue_plus,
          mines4_lemuel, uniq_jorgrun
Orc:2:    grunt_orc_community_town_hall, layout_diamond_mine,
          grunt_orc_community_big_house_1, grunt_orc_community_big_house_1,
          grunt_orc_community_house_1, grunt_orc_community_house_2,
          grunt_orc_community_house_2, grunt_orc_community_house_3,
          grunt_orc_community_house_1, serial_shops,
          nicolae_shop_advertising_works [nicolae_subvault_shop_adworks]

Skill      XL: |  1  2  3  4  5  6  7  8  9 10 11 12 13 |
---------------+----------------------------------------+-----
Spellcasting   | 4 5 6 8 9 11 13 14 15 | 15.6
Stealth        | 2 3 |  3.9
Fighting       | 1 2 3 |  3.3
Dodging        | 3 4 |  4.9
Armour         | 2 3 4 5 |  5.0
Maces & Flails | 1 |  1.1

Action                   |  1- 3 |  4- 6 |  7- 9 | 10-12 | 13-15 || total
-------------------------+-------+-------+-------+-------+-------++-------
Melee: Unarmed           |     2 |       |       |       |       ||     2
       Flail             |       |       |     4 |    16 |     1 ||    21
       Headbutt          |       |       |       |     7 |       ||     7
 Cast: Freeze            |    45 |    71 |    54 |    55 |    39 ||   264
       Frozen Ramparts   |       |    19 |    43 |    60 |    28 ||   150
       Ozocubu's Armour  |       |     5 |    18 |    27 |    10 ||    60
       Sandblast         |       |       |    21 |    36 |     4 ||    61
       Tukima's Dance    |       |       |    33 |    59 |    76 ||   168
       Summon Ice Beast  |       |       |     9 |    38 |    12 ||    59
       Hailstorm         |       |       |       |     1 |       ||     1
       Freezing Cloud    |       |       |       |       |     2 ||     2
Invok: Oozemancy         |       |       |       |     6 |     1 ||     7
Evoke: Wand              |       |       |       |       |     1 ||     1
  Use: Scroll            |       |       |     9 |     1 |       ||    10
 Stab: Sleeping          |     1 |       |       |       |       ||     1
Armor: Robe              |    11 |    46 |     9 |       |       ||    66
       Leather armour    |       |       |    12 |    12 |       ||    24
       Scale mail        |       |       |       |    21 |       ||    21
       Troll leather arm |       |       |       |    40 |    17 ||    57
Dodge: Dodged            |    18 |    61 |    43 |    91 |    35 ||   248
